 Dungeon Crawl Stone Soup version 0.23-a0-650-ga4d50d4 (console) character file.

34 Duffy the Firebug (level 3, 5/24 HPs)
             Began as a Demonspawn Fire Elementalist on Jan 6, 2019.
             Quit the game on level 4 of the Dungeon.
             The game lasted 00:01:08 (1198 turns).

Duffy the Firebug (Demonspawn Fire Elementalist)    Turns: 1198, Time: 00:01:09

Health: 5/24       AC:  2    Str:  8    XL:     3   Next: 14%
Magic:  6/6        EV: 12    Int: 17    God:
Gold:   62         SH:  6    Dex: 13    Spells: 3/7 levels left

rFire    . . .     SeeInvis .   g - +0 falchion
rCold    . . .     Gourm    .   (no shield)
rNeg     . . .     Faith    .   a - +0 robe
rPois    .         Spirit   .   (no helmet)
rElec    .         Reflect  .   (no cloak)
rCorr    .         Harm     .   (no gloves)
MR       .....                  (no boots)
Stlth    ++........             (no amulet)
HPRegen  0.08/turn              (no ring)
MPRegen  0.10/turn              (no ring)

@: no status effects
A: large bone plates 2
a: no special abilities


You were on level 4 of the Dungeon.
You were not hungry.

You visited 1 branch of the dungeon, and saw 4 of its levels.

You collected 62 gold pieces.

Inventory:

Hand Weapons
 g - a +0 falchion (weapon)
Armour
 a - a +0 robe (worn)
Scrolls
 e - a scroll of remove curse {unknown}
 f - a scroll of identify {unknown}
 h - a scroll of amnesia {unknown}
Potions
 b - a potion of mutation {unknown}
Comestibles
 c - 2 rations


   Skills:
 - Level 1.7 Dodging
 - Level 1.7 Stealth
 + Level 2.5 Spellcasting
 + Level 1.9 Conjurations
 + Level 3.1 Fire Magic


You had 3 spell levels left.
You knew the following spells:

 Your Spells              Type           Power        Failure   Level  Hunger
h - Flame Tongue          Conj/Fire      ##...        6%          1    #......
l - Conjure Flame         Conj/Fire      ##......     19%         3    ###....

Your spell library contained the following spells:

 Spells                   Type           Power        Failure   Level  Hunger
 Throw Flame              Conj/Fire      ##....       10%         2    ##.....
 Inner Flame              Hex/Fire       #.......     28%         3    ###....
 Sticky Flame             Conj/Fire      ##......     54%         4    #####..
 Fireball                 Conj/Fire      ##........   87%         5    ######.


Dungeon Overview and Level Annotations

Branches:
Dungeon (4/15)
 Temple: D:4-7

Altars:

Annotations:
D:4 Edmund


Innate Abilities, Weirdness & Mutations

You are mostly covered in large bone plates. (SH +6)


Message History

There is a stone staircase leading up here.
You climb upwards.
There is a stone staircase leading down here.
All of the chunks of flesh in your inventory have rotted away.
Magic restored.
HP restored.
Found a stone staircase leading up.
(D) Dungeon
Where to? (Enter - D:4, ? - help)
There is a stone staircase leading down here.
You climb downwards.
Level annotation: Edmund An orc comes into view.
It is wielding a +0 flail.
The orc shouts!
You hear a shout! x2
Edmund hits you with a +2 flail of holy wrath!
You convulse.
Edmund hits you with a +2 flail of holy wrath.
You convulse.
There is a stone staircase leading up here.
Are you sure you want to abandon this character and quit the game? (Confirm

## .#.... ..
#.###..... ....
#....#...##....[
#...#..........
#.................
#........o..$....#
#.<@......>.....#
#..@.o.........####
##.##..............
###....###........
#..(....#........
#..o.~~~.........
##....##~~~~~~....
#.......(~..~~~~..
#....#########~~~.
#....# ~.#


You could see Edmund and 2 orcs.

Vanquished Creatures
  An adder (D:4)
  A dart slug (D:1)
  A leopard gecko (D:3)
  An orc (D:3)
  4 bats
  2 giant cockroaches
  A goblin (D:1)
  3 hobgoblins (D:1)
  A frilled lizard (D:2)
  2 kobolds
  A quokka zombie (D:3)
  4 rats
22 creatures vanquished.

Notes
Turn   | Place    | Note
-------+----------+-------------------------------------------
     0 | D:1      | Duffy the Demonspawn Fire Elementalist began the quest for
                  | the Orb.
     0 | D:1      | Reached XP level 1. HP: 13/13 MP: 3/3
   197 | D:1      | Gained mutation: You are partially covered in large bone
                  | plates. (SH +4) [demonic ancestry]
   197 | D:1      | Reached XP level 2. HP: 19/19 MP: 1/5
   407 | D:2      | Reached skill level 3 in Fire Magic
   967 | D:4      | Gained mutation: You are mostly covered in large bone
                  | plates. (SH +6) [demonic ancestry]
   967 | D:4      | Reached XP level 3. HP: 24/24 MP: 3/6
   969 | D:4      | Noticed Edmund
   972 | D:4      | Learned a level 3 spell: Conjure Flame
  1198 | D:4      | Quit the game

Vault maps used:
D:1:      lemuel_arrival_room
D:3:      first_ration, kennysheep_generic_room_12
D:4:      serial_rivers, chequers_serial_rivers_micro_a,
          chequers_serial_rivers_micro_e, chequers_serial_rivers_micro_b,
          chequers_serial_rivers_small_a, chequers_serial_rivers_large_b,
          minmay_misc_feat_diagonals, uniq_edmund, uniq_duvessa

Skill      XL: |  1  2 |
---------------+-------+-----
Fire Magic     | 3 |  3.1
Dodging        | |  1.7
Stealth        | |  1.7
Spellcasting   | |  2.5
Conjurations   | |  1.9

Action                   || total
-------------------------++-------
Melee: Unarmed           ||     4
 Cast: Flame Tongue      ||    40
  Eat: Chunk             ||     1
Armor: Robe              ||     2
Dodge: Dodged            ||     8
Block: Other             ||     4
       Rpst.: Falchion   ||     1

Table legend:
 A = Non-vault XP
 B = Vault XP
 C = Vault XP percentage of total XP
 D = Non-vault monster count
 E = Vault monster count
 F = Vault count percentage of total count
                 A         B        C        D         E       F
            +---------+---------+-------+---------+---------+-------
      Total |      46 |       3 |   6.1 |      21 |       1 |   4.5
            +---------+---------+-------+---------+---------+-------
        D:1 |      18 |       0 |   0.0 |      10 |       0 |   0.0
        D:2 |       6 |       0 |   0.0 |       5 |       0 |   0.0
        D:3 |       8 |       3 |  27.3 |       5 |       1 |  16.7
        D:4 |      14 |       0 |   0.0 |       1 |       0 |   0.0
            +---------+---------+-------+---------+---------+-------
